 Dungeon Crawl Stone Soup version 0.31-a0-845-g9abc20d24f (webtiles) character file.

Game seed: 9003867396799210443

182 TheScarfBastard the Chopper (level 5, -3/46 HPs)
             Began as a Draconian Berserker on Oct 2, 2023.
             Was a Believer of Trog.
             Frozen to death by an endoplasm (4 damage)
             ... on level 3 of the Dungeon.
             The game lasted 00:04:26 (1135 turns).

TheScarfBastard the Chopper (Draconian Berserker)   Turns: 1135, Time: 00:04:27

Health: -3/46      AC:  3    Str: 21    XL:     5   Next: 35%
Magic:  5/5        EV: 13    Int:  7    God:    Trog [**....]
Gold:   30         SH:  0    Dex: 11    Spells: 4/4 levels left

rFire   . . .        a - +1 hand axe
rCold   . . .        (no shield)
rNeg    . . .        (body armour unavailable)
rPois   .            (helmet restricted)
rElec   .            (no cloak)
rCorr   .            (no gloves)
SInv    .            e - +1 pair of boots
Will    .....        (no amulet)
Stlth   +            (no ring)
HPRegen 0.27/turn    (no ring)
MPRegen 0.09/turn

%: no passive effects
@: corroded, on berserk cooldown, slowed, very slow
A: AC +5, unfitting armour, cold-blooded
a: Renounce Religion, Berserk, Trog's Hand


You were on level 3 of the Dungeon.
You worshipped Trog.
Trog was pleased with you.
You visited 1 branch of the dungeon, and saw 3 of its levels.

You collected 80 gold pieces.
You spent 50 gold pieces at shops.

Inventory:

Hand Weapons
 a - a +1 hand axe (weapon)
Armour
 e - a +1 pair of boots (worn)
Scrolls
 d - a scroll of teleportation
 g - 3 scrolls of identify
Potions
 f - a potion of curing {unknown}


   Skills:
 + Level 4.2 Fighting
 + Level 4.5 Axes
 + Level 3.9 Dodging
 + Level 0.6 Stealth


You had 4 spell levels left.
You didn't know any spells.
Your spell library was empty.

Dungeon Overview and Level Annotations

Branches:
Dungeon (3/15)

Altars:

Shops:
D:3 ?

Annotations:
D:3 Ijyb, Jessica


Innate Abilities, Weirdness & Mutations

Your plain brown scales are hard. (AC +5)
You cannot fit into any form of body armour.
You are cold-blooded and may be slowed by cold attacks.


Message History

Press: ? - help, Dir - move target
As you read the scroll of blinking, it crumbles to dust.
Your surroundings suddenly seem different.
An endoplasm and a ball python come into view.
Found an escape hatch in the floor.
The ball python hisses angrily.
The endoplasm quivers.
The endoplasm barely misses you. The endoplasm freezes you.
You are frozen.
* * * LOW HITPOINT WARNING * * *
You feel as though you will be slow longer.
You barely miss the endoplasm.
You hit the ball python but do no damage.
The endoplasm freezes you.
You are frozen.
* * * LOW HITPOINT WARNING * * *
The ball python closely misses you. The ball python misses you.
You hit the endoplasm but do no damage. You tail-slap the endoplasm.
The endoplasm is heavily wounded.
You hit the ball python but do no damage.
The ball python barely misses you. The ball python misses you.
The endoplasm freezes you.
You are frozen.
* * * LOW HITPOINT WARNING * * *
You feel as though you will be slow longer.
The ball python bites you.
* * * LOW HITPOINT WARNING * * *
The ball python misses you. The endoplasm barely misses you.
You hit the endoplasm but do no damage.
The endoplasm is heavily wounded.
You completely miss the ball python.
The ball python bites you but does no damage.
The ball python misses you. The endoplasm barely misses you.
The ball python bites you.
* * * LOW HITPOINT WARNING * * *
The ball python barely misses you. The endoplasm freezes you.
You are frozen.
You die...

#...# ###....
#.#..# .....
##... ##. #.
#..>##########
#....J@S......
#...##########
#.


You could see an endoplasm and a ball python.

Vanquished Creatures
  2 orc wizards (D:3)
  Natasha (thrice) (D:2)
  2 adders
  A dart slug (D:2)
  2 orcs (D:3)
  6 bats
  3 endoplasms (D:1)
  A giant cockroach (D:2)
  A goblin (D:3)
  2 hobgoblins
  6 kobolds
  3 quokkas
  4 ball pythons
  2 frilled lizards
  3 rats
41 creatures vanquished.

Notes
Turn   | Place    | Note
-------+----------+-------------------------------------------
     0 | D:1      | TheScarfBastard the Draconian Berserker began the quest for
                  | the Orb.
     0 | D:1      | Reached XP level 1. HP: 19/19 MP: 1/1
    87 | D:1      | Reached XP level 2. HP: 25/26 MP: 2/2
   454 | D:2      | Noticed Natasha
   460 | D:2      | Killed Natasha
   461 | D:2      | Reached XP level 3. HP: 33/33 MP: 3/3
   716 | D:2      | Reached ** piety under Trog
   751 | D:2      | Noticed Natasha
   759 | D:2      | Killed Natasha
   760 | D:2      | Reached XP level 4. HP: 40/40 MP: 4/4
   782 | D:2      | Noticed Natasha
   799 | D:2      | Killed Natasha
  1081 | D:3      | Found Qiloufuu's Magic Scroll Emporium.
  1099 | D:3      | Reached XP level 5. HP: 46/46 MP: 5/5
  1110 | D:3      | Bought a scroll of teleportation for 30 gold pieces
  1110 | D:3      | Bought a scroll of identify for 20 gold pieces
  1121 | D:3      | Noticed Ijyb
  1130 | D:3      | Noticed Jessica
  1135 | D:3      | HP: 1/46 [ball python (2)]
  1135 | D:3      | Frozen to death by an endoplasm

Illustrated notes

Levels and vault maps discovered:
D:1:      minmay_arrival_checkered_box, layout_basic, grunt_decor_resistance,
          nicolae_concentric_dashed_squares_wild, minmay_circled_x
D:2:      layout_basic, minmay_between, uniq_crazy_yiuf_cottage, uniq_natasha
D:3:      layout_rooms, serial_shops, shop, uniq_ijyb, uniq_jessica

Skill      XL: |  1  2  3  4 |
---------------+-------------+-----
Dodging        | 3 |  3.9
Axes           | 4 |  4.5
Fighting       | 4 |  4.2
Stealth        | |  0.6

Action                     |  1- 3 |  4- 6 || total
---------------------------+-------+-------++-------
  Melee: Hand axe          |    62 |    53 ||   115
         Tailslap          |     4 |     4 ||     8
 Invoke: Berserk           |     2 |     2 ||     4
         Trog's Hand       |       |     1 ||     1
    Use: Scroll            |     1 |     5 ||     6
         Potion            |       |     2 ||     2
 Armour: Skin              |    38 |    57 ||    95
  Dodge: Dodged            |    71 |    58 ||   129

Table legend: (Time is in decaauts)
 A = Elapsed time spent in this place.
 B = Non-inter-level travel time spent in this place.
 C = Inter-level travel time spent in this place.
 D = Time resting spent in this place.
 E = Time spent auto-exploring this place.
 F = Levels seen in this place.
 G = Mean time per level.
                   A        B        C        D        E       F      G
               +--------+--------+--------+--------+--------+-----+--------+
         Total |   1201 |   1179 |     22 |      0 |    667 |   3 |  400.3 |
       Dungeon |   1201 |   1179 |     22 |      0 |    667 |   3 |  400.3 |
               +--------+--------+--------+--------+--------+-----+--------+

Top non-repeatable levels by time:
     D:2: 616 daAuts
     D:1: 440 daAuts
     D:3: 144 daAuts
